[Event "Jiraskuv memorial A"]
[Site "Rakovnik"]
[Date "2011.08.07"]
[Round "3"]
[White "Gaj, Milos"]
[Black "Prochazka, Petr"]
[Result "1/2-1/2"]
[ECO "D07"]
[WhiteElo "1973"]
[BlackElo "2008"]
[PlyCount "58"]
[EventDate "2011.08.??"]
[EventType "swiss"]
[EventRounds "9"]
[EventCountry "CZE"]
[TimeControl "240+2"]

{16MB, Fritz8.ctg, SACHY-67D9C7985} 1. d4 d5 2. Nf3 Nc6 3. c4 Bg4 4. cxd5 Bxf3
5. gxf3 Qxd5 6. e3 e5 7. Nc3 Bb4 8. Bd2 Bxc3 9. bxc3 Qd6 10. Qb3 Nge7 11. Bd3
O-O 12. h4 Kh8 13. O-O-O Rab8 14. Qc2 f5 15. Bc4 b5 16. Bb3 a5 17. Qd3 a4 18.
Bc2 Qa3+ 19. Kb1 b4 20. cxb4 Qxd3 21. Bxd3 Nxb4 22. Bxb4 Rxb4+ 23. Kc2 exd4 24.
Rb1 c5 25. a3 Rbb8 26. Rb5 Rxb5 27. Bxb5 dxe3 28. fxe3 Nd5 29. Re1 Nb6 1/2-1/2

[Event "Jiraskuv memorial A"]
[Site "Rakovnik"]
[Date "2011.08.07"]
[Round "3"]
[White "Klement, Lukas"]
[Black "Vlacil, Vladimir"]
[Result "1/2-1/2"]
[ECO "E87"]
[WhiteElo "2234"]
[BlackElo "2015"]
[PlyCount "74"]
[EventDate "2011.08.??"]
[EventType "swiss"]
[EventRounds "9"]
[EventCountry "CZE"]
[TimeControl "240+2"]

{16MB, Fritz8.ctg, SACHY-67D9C7985} 1. d4 Nf6 2. c4 g6 3. Nc3 Bg7 4. e4 d6 5.
f3 O-O 6. Be3 e5 7. d5 Nh5 8. Qd2 f5 9. O-O-O a5 10. exf5 gxf5 11. Bd3 Na6 12.
Nge2 Bd7 13. Bh6 Nc5 14. Bc2 Qf6 15. Bxg7 Qxg7 16. g4 fxg4 17. fxg4 Nf4 18. Ng3
Qg5 19. Kb1 Nh3 20. Nf5 Qxd2 21. Rxd2 Kh8 22. Nd1 Rf6 23. Nde3 Raf8 24. Rf1 h5
25. gxh5 Nf4 26. Ng3 Nxh5 27. Rxf6 Nxf6 28. Rf2 Nh7 29. Ngf5 Ng5 30. Rg2 Nge4
31. Nh4 Rf2 32. Rxf2 Nxf2 33. Bf5 Kg7 34. Bxd7 Nxd7 35. Nhf5+ Kf6 36. Kc2 Ng4
37. h4 Nxe3+ 1/2-1/2

[Event "Jiraskuv memorial A"]
[Site "Rakovnik"]
[Date "2011.08.08"]
[Round "4"]
[White "Haman, Jakub"]
[Black "Vlacil, Vladimir"]
[Result "1/2-1/2"]
[ECO "B42"]
[WhiteElo "2146"]
[BlackElo "2015"]
[PlyCount "26"]
[EventDate "2011.08.??"]
[EventType "swiss"]
[EventRounds "9"]
[EventCountry "CZE"]
[TimeControl "240+2"]

{1056MB, Fritz8.ctg} 1. e4 c5 2. Nf3 e6 3. d4 cxd4 4. Nxd4 a6
5. Bd3 Nc6 6. Be3 Nf6 7. O-O Be7 8. c4 Qc7 9. f3 Nxd4 10. Bxd4 Bd6 11. g3 Bxg3
12. hxg3 Qxg3+ 13. Kh1 Qh3+ 1/2-1/2

[Event "Jiraskuv memorial A"]
[Site "Rakovnik"]
[Date "2011.08.08"]
[Round "4"]
[White "Sibl, Vaclav"]
[Black "Janda, Pavel"]
[Result "1-0"]
[ECO "A48"]
[WhiteElo "1975"]
[BlackElo "2011"]
[PlyCount "23"]
[EventDate "2011.08.??"]
[EventType "swiss"]
[EventRounds "9"]
[EventCountry "CZE"]
[TimeControl "240+2"]

{1056MB, Fritz8.ctg} 1. d4 Nf6 2. Bf4 g6 3. e3 Bg7 4. Nf3 d6 5. Be2 O-O 6. O-O
c5 7. c3 Qb6 8. Nbd2 Qxb2 9. Nc4 Qxc3 10. Rc1 Qb4 11. Rb1 Qc3 12. Rb3 1-0

[Event "Jiraskuv memorial A"]
[Site "Rakovnik"]
[Date "2011.08.08"]
[Round "4"]
[White "Hlavac, Rudolf"]
[Black "Vykouk, Jan"]
[Result "0-1"]
[ECO "B34"]
[WhiteElo "2064"]
[BlackElo "1792"]
[PlyCount "50"]
[EventDate "2011.08.??"]
[EventType "swiss"]
[EventRounds "9"]
[EventCountry "CZE"]
[TimeControl "240+2"]

{1056MB, Fritz8.ctg} 1. e4 c5 2. Nf3 Nc6 3. d4 cxd4 4. Nxd4 g6 5. Nc3 Bg7 6.
Be3 Nf6 7. Nxc6 bxc6 8. e5 Nd5 9. Nxd5 cxd5 10. Qxd5 Rb8 11. Bxa7 Rxb2 12. Bd4
Rxc2 13. Bd3 Rc6 14. O-O Bb7 15. Qb3 Ba6 16. Bxa6 Rxa6 17. a4 O-O 18. Qb4 d6
19. exd6 Rxd6 20. Bxg7 Kxg7 21. a5 Ra6 22. Qb5 Qa8 23. Rfc1 Qa7 24. Ra2 Ra8 25.
Rc5 Rb8 0-1

[Event "Jiraskuv memorial A"]
[Site "Rakovnik"]
[Date "2011.08.08"]
[Round "4"]
[White "Kovar, Jan"]
[Black "Volek, Radomir"]
[Result "1/2-1/2"]
[ECO "C67"]
[WhiteElo "2002"]
[BlackElo "2084"]
[PlyCount "48"]
[EventDate "2011.08.??"]
[EventType "swiss"]
[EventRounds "9"]
[EventCountry "CZE"]
[TimeControl "240+2"]

{1056MB, Fritz8.ctg} 1. e4 e5 2. Nf3 Nc6 3. Bb5 Nf6 4. O-O Nxe4 5. Re1 Nd6 6.
Bxc6 dxc6 7. Nxe5 Be7 8. d4 O-O 9. Nd2 Be6 10. Nb3 Re8 11. Nc5 Bd5 12. b3 b5
13. Qd3 Bh4 14. g3 f6 15. gxh4 fxe5 16. Bg5 Qc8 17. dxe5 Nf7 18. Qg3 Kh8 19.
Rad1 Qf5 20. Nd3 Re6 21. Qf4 Qh3 22. Qg3 Qf5 23. Qf4 Qh3 24. Qg3 Qf5 1/2-1/2

[Event "Jiraskuv memorial A"]
[Site "Rakovnik"]
[Date "2011.08.08"]
[Round "4"]
[White "Krasny, Drahomir"]
[Black "Hinz, Frantisek"]
[Result "1-0"]
[ECO "B53"]
[WhiteElo "1897"]
[BlackElo "2015"]
[PlyCount "77"]
[EventDate "2011.08.??"]
[EventType "swiss"]
[EventRounds "9"]
[EventCountry "CZE"]
[TimeControl "240+2"]

{1056MB, Fritz8.ctg} 1. e4 c5 2. Nf3 d6 3. d4 cxd4 4. Qxd4 a6 5. c4 Nf6 6. Nc3
e6 7. b3 Qc7 8. Bb2 Be7 9. Rd1 O-O 10. Qd2 Nbd7 11. Bd3 b6 12. O-O Bb7 13. Rfe1
Ne5 14. Nxe5 dxe5 15. Na4 Rad8 16. Qe3 Nd7 17. a3 Qc6 18. Qg3 f6 19. h3 b5 20.
cxb5 axb5 21. Rc1 Qa6 22. Rc7 Bd6 23. Rc2 Qa5 24. Bc3 Qa8 25. Bxb5 Bxe4 26. Rd2
Bd5 27. Bxd7 Rxd7 28. Nb6 Qc6 29. Nxd7 Qxd7 30. a4 Qc7 31. Bb2 e4 32. Qg4 Qb8
33. Rxd5 exd5 34. Qe6+ Kh8 35. Qxd5 Bb4 36. Rxe4 Rd8 37. Rxb4 Qc7 38. Qf3 Qc2
39. Bxf6 1-0

[Event "Jiraskuv memorial A"]
[Site "Rakovnik"]
[Date "2011.08.08"]
[Round "4"]
[White "Misicko, Jan"]
[Black "Kotrba, Matej"]
[Result "0-1"]
[ECO "A11"]
[WhiteElo "2042"]
[BlackElo "1949"]
[PlyCount "131"]
[EventDate "2011.08.??"]
[EventType "swiss"]
[EventRounds "9"]
[EventCountry "CZE"]
[TimeControl "240+2"]

{1056MB, Fritz8.ctg} 1. c4 c6 2. g3 d5 3. Bg2 Nf6 4. Nf3 Bf5 5. O-O e6 6. d3
Bd6 7. Re1 O-O 8. Nbd2 Bg6 9. e4 dxe4 10. dxe4 Bc5 11. Qe2 Ng4 12. Rf1 Nd7 13.
h3 Nge5 14. Nb3 Nxf3+ 15. Bxf3 Bb6 16. Rd1 Qe7 17. Bf4 e5 18. Be3 Nc5 19. Nxc5
Bxc5 20. Bxc5 Qxc5 21. Rd7 f5 22. exf5 Bxf5 23. Rxb7 Rad8 24. Re1 Bd3 25. Qe3
Qxe3 26. Rxe3 Bxc4 27. b3 Bd5 28. Bxd5+ Rxd5 29. Re2 a5 30. Rc7 Rf6 31. Rc2
Rdd6 32. Ra7 Rd5 33. Ra6 e4 34. a4 Rd1+ 35. Kg2 Rb1 36. Rxa5 Rxb3 37. Re5 Rb4
38. Ra2 Rf8 39. a5 Ra8 40. Kf1 Kf7 41. Ke2 Kf6 42. Rc5 Ra6 43. Rac2 Ke7 44.
Rxc6 Rxa5 45. Rc7+ Kf6 46. R2c6+ Ke5 47. Re7+ Kf5 48. g4+ Kf4 49. Rxg7 Rb2+ 50.
Kf1 Raa2 51. Rf6+ Ke5 52. Rf5+ Kd6 53. Rf6+ Ke5 54. g5 Kd5 55. Rd7+ Kc4 56. Rf4
Kc5 57. Re7 Ra1+ 58. Kg2 Rbb1 59. Re5+ Kd6 60. Rfxe4 Rg1+ 61. Kh2 Rh1+ 62. Kg3
Rag1+ 63. Kh4 Rh2 64. Rf5 Ra1 65. Re3 Ra4+ 66. f4 0-1

[Event "Jiraskuv memorial A"]
[Site "Rakovnik"]
[Date "2011.08.08"]
[Round "4"]
[White "Masek, Jan"]
[Black "Novak, Jindrich"]
[Result "0-1"]
[ECO "B07"]
[WhiteElo "1966"]
[BlackElo "2059"]
[PlyCount "128"]
[EventDate "2011.08.??"]
[EventType "swiss"]
[EventRounds "9"]
[EventCountry "CZE"]
[TimeControl "180"]

{24MB, Fritz8.ctg, sach1} 1. e4 d6 2. d4 e5 3. Bc4 Nc6 4. d5 Nce7 5. Ne2 f5 6.
f3 Nf6 7. Nbc3 g6 8. Bg5 Bg7 9. Qd2 a6 10. Bh6 O-O 11. O-O Nh5 12. Bxg7 Nxg7
13. Qh6 Kh8 14. Qh4 Ng8 15. Qxd8 Rxd8 16. Bd3 Bd7 17. b4 Nf6 18. a3 c6 19. dxc6
bxc6 20. Rfd1 d5 21. Nc1 a5 22. Nb3 axb4 23. axb4 Rab8 24. Nc5 Bc8 25. Rdb1 Ne6
26. Nxe6 Bxe6 27. b5 dxe4 28. fxe4 fxe4 29. Bf1 cxb5 30. Ra6 Nd5 31. Nxe4 Bf5
32. Ng5 Kg8 33. Ne6 Rdc8 34. Rxb5 Rxb5 35. Bxb5 Nb4 36. Rb6 Nxc2 37. Bd7 Ra8
38. Kf2 Nd4 39. Kg3 Ra3+ 40. Kh4 Bxe6 41. Bxe6+ Kg7 42. Kg4 e4 43. Rb4 e3 44.
Rb7+ Kf6 45. Bc4 h5+ 46. Kf4 g5+ 47. Ke4 e2 48. Bxe2 Nxe2 49. Rb6+ Kf7 50. Rb7+
Ke6 51. Rh7 Ra2 52. Ke3 Nf4 53. g3 Nd5+ 54. Kf3 Nf6 55. Rg7 Ra3+ 56. Kg2 Ra2+
57. Kg1 Ne4 58. Rh7 Nf6 59. Rh6 Kf5 60. h3 g4 61. h4 Ra8 62. Kg2 Rg8 63. Kf1
Ke6 64. Ke2 Kf7 0-1

[Event "Jiraskuv memorial A"]
[Site "Rakovnik"]
[Date "2011.08.08"]
[Round "4"]
[White "Hruska, Jan"]
[Black "Gaj, Milos"]
[Result "1-0"]
[ECO "E72"]
[WhiteElo "2048"]
[BlackElo "1973"]
[PlyCount "170"]
[EventDate "2011.08.??"]
[EventType "swiss"]
[EventRounds "9"]
[EventCountry "CZE"]
[TimeControl "180"]

{24MB, Fritz8.ctg, sach1} 1. c4 Nf6 2. Nc3 g6 3. g3 Bg7 4. Bg2 O-O 5. d4 d6 6.
e4 Nc6 7. Nge2 e5 8. d5 Ne7 9. O-O Nd7 10. Be3 f5 11. Qd2 Nf6 12. Bg5 Nxe4 13.
Nxe4 fxe4 14. Nc3 e3 15. fxe3 h6 16. Rxf8+ Qxf8 17. Rf1 Qd8 18. Bxe7 Qxe7 19.
Qd3 Bf5 20. Be4 Bxe4 21. Qxe4 Kh7 22. b3 a6 23. a4 h5 24. Kg2 Rf8 25. Rf3 Rf6
26. h3 Bh6 27. Rxf6 Qxf6 28. Qf3 Kg7 29. Ne4 Qxf3+ 30. Kxf3 Kf7 31. c5 Ke7 32.
b4 Bf8 33. Nd2 Kd7 34. Nb3 b6 35. cxb6 cxb6 36. b5 axb5 37. axb5 Be7 38. Nd2
Bd8 39. Nc4 Ke7 40. g4 hxg4+ 41. Kxg4 Kd7 42. Nd2 Ke8 43. Ne4 Be7 44. h4 Kf7
45. Ng3 Kg7 46. Nf1 Kh6 47. Nd2 Bd8 48. Ne4 Be7 49. Ng3 Bd8 50. h5 gxh5+ 51.
Nxh5 Kg6 52. Ng3 Bg5 53. Nf5 Kf6 54. e4 Bd2 55. Nxd6 Be3 56. Nf5 Bc5 57. Kh5
Bf8 58. Ne3 Bd6 59. Ng4+ Ke7 60. Nh6 Bb4 61. Kg6 Kd6 62. Nf5+ Kd7 63. Kf6 Bc3
64. Kf7 Bd4 65. Kf6 Bc3 66. Ng7 Kd6 67. Ne8+ Kd7 68. Kf7 Be1 69. Ng7 Bb4 70.
Nf5 Bc5 71. Kf6 Bd4 72. Ne7 Kd6 73. Nc6 Be3 74. Na7 Bd4 75. Nc8+ Kc7 76. Ne7
Kd6 77. Nf5+ Kd7 78. Kg5 Be3+ 79. Kg4 Bd2 80. Kf3 Bb4 81. Ke2 Bc5 82. Ne3 Bd6
83. Kf3 Bc5 84. Nc4 Bd4 85. Kg4 Ke7 1-0

[Event "Jiraskuv memorial A"]
[Site "Rakovnik"]
[Date "2011.08.08"]
[Round "4"]
[White "Rozsafny, Michal"]
[Black "Svarc, Roman"]
[Result "0-1"]
[ECO "A00"]
[WhiteElo "1943"]
[BlackElo "2125"]
[PlyCount "62"]
[EventDate "2011.08.??"]
[EventType "swiss"]
[EventRounds "9"]
[EventCountry "CZE"]
[TimeControl "240+2"]

{16MB, Fritz8.ctg, SACHY-67D9C7985} 1. g3 e5 2. Bg2 d5 3. d4 e4 4. Bf4 Be6 5.
e3 g5 6. Ne2 gxf4 7. Nxf4 Qd7 8. Qh5 Nc6 9. Nxe6 Qxe6 10. Bh3 Qh6 11. Qxh6 Nxh6
12. a3 Rd8 13. Nc3 a6 14. Ke2 Be7 15. Rhf1 O-O 16. f4 exf3+ 17. Rxf3 Bg5 18.
Raf1 Rfe8 19. Kd3 Re7 20. R1f2 Na5 21. b3 c5 22. dxc5 Nc6 23. Rf4 d4 24. exd4
Nxd4 25. Kc4 Bxf4 26. gxf4 Nhf5 27. Bxf5 Nxf5 28. b4 Rd4+ 29. Kb3 Re3 30. Kb2
Ne7 31. Na4 Nd5 0-1

[Event "Jiraskuv memorial A"]
[Site "Rakovnik"]
[Date "2011.08.08"]
[Round "4"]
[White "Pokorny, Petr"]
[Black "Klakurka, Stanislav"]
[Result "0-1"]
[ECO "E38"]
[WhiteElo "2260"]
[BlackElo "1939"]
[PlyCount "45"]
[EventDate "2011.08.??"]
[EventType "swiss"]
[EventRounds "9"]
[EventCountry "CZE"]
[TimeControl "240+2"]

{16MB, Fritz8.ctg, SACHY-67D9C7985} 1. d4 Nf6 2. c4 e6 3. Nc3 Bb4 4. Qc2 c5 5.
dxc5 Bxc5 6. Nf3 Qb6 7. e3 Qc7 8. Be2 b6 9. O-O Bb7 10. a3 O-O 11. b4 Be7 12.
Bb2 d5 13. Nb5 Qd8 14. cxd5 Nxd5 15. Rfd1 a6 16. Nc3 Qc8 17. Rac1 Nc6 18. Nxd5
exd5 19. Rxd5 Nxb4 20. Qxc8 Raxc8 21. Rd7 Rxc1+ 22. Bxc1 Rc8 23. Bd2 0-1

[Event "Jiraskuv memorial A"]
[Site "Rakovnik"]
[Date "2011.08.08"]
[Round "4"]
[White "Kozak, Milos"]
[Black "Cozl, David"]
[Result "1/2-1/2"]
[ECO "D11"]
[WhiteElo "2232"]
[BlackElo "1982"]
[PlyCount "68"]
[EventDate "2011.08.??"]
[EventType "swiss"]
[EventRounds "9"]
[EventCountry "CZE"]
[TimeControl "240+2"]

{16MB, Fritz8.ctg, SACHY-67D9C7985} 1. d4 d5 2. c4 c6 3. Nf3 Nf6 4. Qb3 Qb6 5.
Nc3 Qxb3 6. axb3 Na6 7. c5 Nb4 8. Ra4 Na6 9. b4 Ne4 10. Bf4 Nxc3 11. bxc3 b5
12. Ra2 f6 13. Nd2 e5 14. Be3 Nc7 15. g3 Bf5 16. Bg2 Ne6 17. O-O exd4 18. cxd4
a5 19. bxa5 Be7 20. Nb3 Ra6 21. Bd2 Kd7 22. f3 Nc7 23. Rb2 Re8 24. Ra1 g5 25.
g4 Bg6 26. Kf2 Raa8 27. Nc1 f5 28. gxf5 Bxf5 29. e4 dxe4 30. fxe4 Bf6 31. e5
Be7 32. Ne2 Be6 33. Ng3 Rf8+ 34. Kg1 Nd5 1/2-1/2

[Event "Jiraskuv memorial A"]
[Site "Rakovnik"]
[Date "2011.08.08"]
[Round "4"]
[White "Stransky, Vojtech"]
[Black "Trnka, Miroslav"]
[Result "1/2-1/2"]
[ECO "B07"]
[WhiteElo "1843"]
[BlackElo "2012"]
[PlyCount "43"]
[EventDate "2011.08.??"]
[EventType "swiss"]
[EventRounds "9"]
[EventCountry "CZE"]
[TimeControl "240+2"]

{16MB, Fritz8.ctg, SACHY-67D9C7985} 1. e4 g6 2. d4 Bg7 3. f4 d6 4. Nf3 Nf6 5.
Bd3 O-O 6. O-O c5 7. d5 c4 8. Bxc4 Nxe4 9. Qe1 Nc5 10. Nc3 Nbd7 11. Qh4 Nf6 12.
Ng5 a6 13. b4 Ncd7 14. Rb1 Qb6+ 15. Kh1 Qd4 16. Bb2 Qxc4 17. Nce4 h6 18. f5
hxg5 19. Nxf6+ Nxf6 20. Qxc4 Bxf5 21. Qe2 Nxd5 22. Bxg7 1/2-1/2

[Event "Jiraskuv memorial A"]
[Site "Rakovnik"]
[Date "2011.08.08"]
[Round "4"]
[White "Slanec, Jan"]
[Black "Klement, Lukas"]
[Result "0-1"]
[ECO "B07"]
[WhiteElo "1913"]
[BlackElo "2234"]
[PlyCount "66"]
[EventDate "2011.08.??"]
[EventType "swiss"]
[EventRounds "9"]
[EventCountry "CZE"]
[TimeControl "240+2"]

{16MB, Fritz8.ctg, SACHY-67D9C7985} 1. e4 d6 2. d4 Nf6 3. Bd3 g6 4. f4 Bg7 5.
Nf3 O-O 6. O-O c5 7. c3 Qb6 8. Nbd2 Bg4 9. Nc4 Qc7 10. Ne3 Bxf3 11. Qxf3 e5 12.
dxe5 dxe5 13. f5 Qc6 14. g4 Rd8 15. Bc2 g5 16. Nc4 h6 17. Nxe5 Qc7 18. Nc4 Nc6
19. h4 b5 20. hxg5 hxg5 21. Na3 Ne5 22. Qg3 Nfxg4 23. Bxg5 f6 24. Bf4 Qb6 25.
c4 b4 26. Nb1 Qd6 27. Rd1 Qxd1+ 28. Bxd1 Rxd1+ 29. Kg2 Rad8 30. a3 R8d3 31. Qh4
Nf3 32. Qxg4 Rg1+ 33. Kh3 Ng5+ 0-1

[Event "Jiraskuv memorial A"]
[Site "Rakovnik"]
[Date "2011.08.08"]
[Round "4"]
[White "Prochazka, Petr"]
[Black "Ondrejat, Miroslav"]
[Result "0-1"]
[ECO "C02"]
[WhiteElo "2008"]
[BlackElo "2048"]
[PlyCount "94"]
[EventDate "2011.08.??"]
[EventType "swiss"]
[EventRounds "9"]
[EventCountry "CZE"]
[TimeControl "240+2"]

{16MB, Fritz8.ctg, SACHY-67D9C7985} 1. e4 e6 2. d4 d5 3. e5 c5 4. Nf3 Nc6 5.
Bd3 cxd4 6. O-O Nge7 7. Bf4 Qb6 8. Nbd2 Bd7 9. Nb3 Nb4 10. Be2 Ng6 11. Bg3 Bb5
12. Bxb5+ Qxb5 13. Nbxd4 Qd7 14. h4 h5 15. Ng5 Nc6 16. Re1 Nxd4 17. Qxd4 Ne7
18. Qf4 Nf5 19. c4 dxc4 20. Red1 Qc6 21. Rac1 b5 22. b3 Rc8 23. bxc4 bxc4 24.
Rc2 Ba3 25. Ne4 O-O 26. Nd6 Bxd6 27. exd6 Rfd8 28. Bh2 f6 29. Qd2 e5 30. Qe2
Nd4 31. Rxd4 exd4 32. Qe6+ Kh8 33. Qf7 d3 34. Qxh5+ Kg8 35. Rc3 Rxd6 36. Bxd6
Qxd6 37. Qg4 Qc6 38. h5 Kh8 39. h6 g5 40. Qd4 Kh7 41. Qxa7+ Kxh6 42. Qd4 Rc7
43. Qd8 Kg7 44. Ra3 Qd7 45. Qb8 d2 46. Rh3 d1=Q+ 47. Kh2 Rc8 0-1

[Event "Jiraskuv memorial A"]
[Site "Rakovnik"]
[Date "2011.08.08"]
[Round "4"]
[White "Jirkovsky, Tomas"]
[Black "Cap, Adam"]
[Result "0-1"]
[ECO "C29"]
[WhiteElo "2073"]
[BlackElo "1924"]
[PlyCount "134"]
[EventDate "2011.08.??"]
[EventType "swiss"]
[EventRounds "9"]
[EventCountry "CZE"]
[TimeControl "40/7200:20/3600:1800"]

{16MB, Fritz8.ctg, SACHY-67D9C7985} 1. e4 e5 2. Nc3 Nf6 3. f4
d5 4. fxe5 Nxe4 5. d3 Nxc3 6. bxc3 d4 7. Nf3 Nc6 8. cxd4 Bb4+ 9. Bd2 Bxd2+ 10.
Qxd2 Nxd4 11. c3 Nxf3+ 12. gxf3 Qd5 13. Qe3 Bf5 14. d4 Rd8 15. Be2 O-O 16. O-O
c5 17. Rfd1 Rfe8 18. Qf4 Qe6 19. Qh4 a6 20. Rd2 Rd7 21. Rad1 h6 22. Qg3 Red8
23. f4 Kh8 24. Qf3 Qg6+ 25. Qg3 Qe6 26. Bf3 cxd4 27. cxd4 Qc4 28. Qf2 Be6 29.
Bg2 Bd5 30. Bxd5 Rxd5 31. f5 Kg8 32. h4 Qc3 33. Qf4 Qc6 34. f6 Kh7 35. fxg7 Rg8
36. Rg2 Rxg7 37. Rxg7+ Kxg7 38. Kh2 Rb5 39. Rg1+ Kf8 40. Rg2 Rb6 41. Rf2 Qd5
42. h5 Ke8 43. Qg4 Rc6 44. Qg8+ Ke7 45. Qg4 Rc1 46. Rg2 Rc6 47. Qh4+ Kf8 48.
Qf2 Rb6 49. Qf4 Rc6 50. Rb2 Ke8 51. Qd2 b5 52. Qf4 Rc4 53. Rd2 Rc6 54. Qf5 Kf8
55. Qg4 Ke7 56. Re2 Rc1 57. Rg2 Rc6 58. Kh3 Rc3+ 59. Kh2 Rc6 60. Qf4 Kf8 61.
Rf2 Ke8 62. Qd2 Ke7 63. Rf4 Ke8 64. Qf2 Rc1 65. Kg3 Rc3+ 66. Kh4 Qh1+ 67. Kg4
Qh3# 0-1

[Event "Jiraskuv memorial A"]
[Site "Rakovnik"]
[Date "2011.08.09"]
[Round "5"]
[White "Pliva, Vojtech"]
[Black "Kovar, Jan"]
[Result "1/2-1/2"]
[ECO "E67"]
[WhiteElo "2066"]
[BlackElo "2002"]
[PlyCount "36"]
[EventDate "2011.08.??"]
[EventType "swiss"]
[EventRounds "9"]
[EventCountry "CZE"]
[TimeControl "240+2"]

{1056MB, Fritz8.ctg} 1. Nf3 Nf6 2. d4 d6 3. c4 g6 4. g3 Bg7 5.
Bg2 O-O 6. O-O Nbd7 7. Nc3 c6 8. h3 Qc7 9. e4 Rd8 10. Qc2 e5 11. Be3 b6 12.
Rad1 Ba6 13. Qa4 Bb7 14. Rfe1 exd4 15. Nxd4 Nc5 16. Qc2 Ne6 17. Qd2 Nxd4 18.
Bxd4 Ne8 1/2-1/2

[Event "Jiraskuv memorial A"]
[Site "Rakovnik"]
[Date "2011.08.09"]
[Round "5"]
[White "Vykouk, Jan"]
[Black "Sibl, Vaclav"]
[Result "1/2-1/2"]
[ECO "B07"]
[WhiteElo "1792"]
[BlackElo "1975"]
[PlyCount "28"]
[EventDate "2011.08.??"]
[EventType "swiss"]
[EventRounds "9"]
[EventCountry "CZE"]
[TimeControl "240+2"]

{1056MB, Fritz8.ctg} 1. e4 d6 2. d4 Nf6 3. Nc3 e5 4. dxe5 dxe5 5. Qxd8+ Kxd8 6.
Bc4 Be6 7. Bxe6 fxe6 8. f3 Bc5 9. Nge2 Nbd7 10. Bd2 a6 11. O-O-O Ke7 12. Ng3
Rhd8 13. Rhe1 h6 14. Be3 g5 1/2-1/2

[Event "Jiraskuv memorial A"]
[Site "Rakovnik"]
[Date "2011.08.09"]
[Round "5"]
[White "Janda, Pavel"]
[Black "Urban, Tomas"]
[Result "1-0"]
[ECO "A10"]
[WhiteElo "2011"]
[BlackElo "1822"]
[PlyCount "49"]
[EventDate "2011.08.??"]
[EventType "swiss"]
[EventRounds "9"]
[EventCountry "CZE"]
[TimeControl "240+2"]

{1056MB, Fritz8.ctg} 1. Nf3 f5 2. c4 d6 3. d3 g6 4. Nc3 Bg7 5. g3 Nf6 6. Bg2 e5
7. O-O O-O 8. Qc2 c6 9. b4 e4 10. dxe4 fxe4 11. Ng5 Bf5 12. e3 Qc8 13. Rb1 d5
14. cxd5 cxd5 15. Qb3 Kh8 16. Nxd5 h6 17. Ne7 Qd7 18. Nxf5 Qxf5 19. Ne6 Rf7 20.
Bb2 Nc6 21. Rbd1 Ne5 22. Nf4 Nf3+ 23. Bxf3 exf3 24. Qxf7 Qc2 25. Bxf6 1-0

[Event "Jiraskuv memorial A"]
[Site "Rakovnik"]
[Date "2011.08.09"]
[Round "5"]
[White "Cozl, David"]
[Black "Zboril, Jaroslav"]
[Result "1/2-1/2"]
[ECO "A26"]
[WhiteElo "1982"]
[BlackElo "1989"]
[PlyCount "68"]
[EventDate "2011.08.??"]
[EventType "swiss"]
[EventRounds "9"]
[EventCountry "CZE"]
[TimeControl "240+2"]

{1056MB, Fritz8.ctg} 1. c4 e5 2. Nc3 d6 3. g3 g6 4. Bg2 Bg7 5. d3 Ne7 6. e4 O-O
7. Nge2 Nbc6 8. O-O Be6 9. Bd2 Nd4 10. Nxd4 exd4 11. Ne2 c5 12. b4 Nc6 13. Rb1
b6 14. f4 Rc8 15. f5 Bd7 16. Nf4 Ne5 17. Nd5 f6 18. Bc1 g5 19. Rf2 Bc6 20. h4
Bxd5 21. exd5 h6 22. Be4 Rf7 23. hxg5 hxg5 24. Rh2 Kf8 25. Qh5 Ke7 26. bxc5
dxc5 27. a4 Qd6 28. Qd1 Rh8 29. Rxh8 Bxh8 30. a5 Kf8 31. axb6 axb6 32. Qa4 Nxd3
33. Kg2 Nxc1 34. Rxc1 Re7 1/2-1/2

[Event "Jiraskuv memorial A"]
[Site "Rakovnik"]
[Date "2011.08.09"]
[Round "5"]
[White "Trnka, Miroslav"]
[Black "Jirkovsky, Tomas"]
[Result "1/2-1/2"]
[ECO "E94"]
[WhiteElo "2012"]
[BlackElo "2073"]
[PlyCount "72"]
[EventDate "2011.08.??"]
[EventType "swiss"]
[EventRounds "9"]
[EventCountry "CZE"]
[TimeControl "240+2"]

{1056MB, Fritz8.ctg} 1. d4 Nf6 2. c4 g6 3. Nc3 Bg7 4. e4 d6 5. Nf3 O-O 6. Be2
e5 7. O-O c6 8. Rb1 Nbd7 9. b4 Nb6 10. h3 exd4 11. Nxd4 d5 12. exd5 cxd5 13. c5
Nc4 14. Bg5 h6 15. Bf4 a6 16. Bf3 Ne4 17. Nxe4 dxe4 18. Be2 g5 19. Bxc4 gxf4
20. Ne2 Qg5 21. Qd5 Bf6 22. g4 fxg3 23. Nxg3 Bxh3 24. Qxg5+ hxg5 25. Rfe1 Rad8
26. Rxe4 Rfe8 27. Rbe1 Kf8 28. Rxe8+ Rxe8 29. Rxe8+ Kxe8 30. Ne4 Bc8 31. Bxf7+
Kd8 32. Bd5 Kc7 33. Nxg5 Bc3 34. Ne4 Bxb4 35. f4 Bf5 36. Kf2 Bxe4 1/2-1/2

[Event "Jiraskuv memorial A"]
[Site "Rakovnik"]
[Date "2011.08.09"]
[Round "5"]
[White "Gaj, Milos"]
[Black "Rozsafny, Michal"]
[Result "1/2-1/2"]
[ECO "D43"]
[WhiteElo "1973"]
[BlackElo "1943"]
[PlyCount "66"]
[EventDate "2011.08.??"]
[EventType "swiss"]
[EventRounds "9"]
[EventCountry "CZE"]
[TimeControl "240+2"]

{1056MB, Fritz8.ctg} 1. d4 d5 2. Nf3 c6 3. c4 Nf6 4. Nc3 e6 5. a3 dxc4 6. Ne5
b5 7. Bg5 h6 8. Bh4 Bb7 9. e3 Be7 10. a4 a6 11. Be2 Nbd7 12. Bf3 Nxe5 13. dxe5
Nd5 14. Bxe7 Qxe7 15. Ne4 O-O 16. O-O Rfd8 17. Qd4 Qc7 18. Nd6 Nb4 19. Qe4 f5
20. Qd4 Nd3 21. Rfd1 c5 22. Qc3 Bxf3 23. gxf3 Rab8 24. axb5 axb5 25. b3 Nb4 26.
bxc4 bxc4 27. Qxc4 Nd5 28. Rdc1 Qe7 29. Kh1 Rb2 30. Rc2 Rxc2 31. Qxc2 Qh4 32.
Kg2 Qg5+ 33. Kh1 Qh4 1/2-1/2

[Event "Jiraskuv memorial A"]
[Site "Rakovnik"]
[Date "2011.08.09"]
[Round "5"]
[White "Bartos, Jan"]
[Black "Slanec, Jan"]
[Result "1/2-1/2"]
[ECO "A81"]
[WhiteElo "2215"]
[BlackElo "1913"]
[PlyCount "102"]
[EventDate "2011.08.??"]
[EventType "swiss"]
[EventRounds "9"]
[EventCountry "CZE"]
[TimeControl "240+2"]

{1056MB, Fritz8.ctg} 1. d4 f5 2. g3 d6 3. Nf3 g6 4. Bg2 Bg7 5. O-O e6 6. c4 Ne7
7. Nc3 O-O 8. b3 h6 9. Bb2 d5 10. e3 Nd7 11. cxd5 exd5 12. Qc2 Nf6 13. Ba3 c6
14. Ne5 Kh7 15. f3 Nd7 16. Nd3 Re8 17. Rad1 b6 18. Ne2 Ba6 19. Nef4 Nf8 20.
Rfe1 Bxd3 21. Qxd3 Qd7 22. Bh3 Ne6 23. Nxe6 Qxe6 24. e4 dxe4 25. fxe4 Qf6 26.
Rf1 Red8 27. Bxe7 Qxe7 28. exf5 Rxd4 29. fxg6+ Kh8 30. Qf3 Rxd1 31. Rxd1 Rf8
32. Qxc6 Bd4+ 33. Kh1 Qe2 34. Rc1 Bc5 35. Qb7 Be7 36. Qd5 Qb2 37. Rf1 Rxf1+ 38.
Bxf1 Qf6 39. Bc4 Qxg6 40. Qe5+ Qf6 41. Qd5 Qf8 42. Kg2 Qd8 43. Qf7 Qf8 44. Qg6
Qg7 45. Qe8+ Qf8 46. Qh5 Qf6 47. h4 Bd6 48. Qe8+ Qf8 49. Qg6 Bc5 50. Kh3 a5 51.
Be6 Qf1+ 1/2-1/2

[Event "Jiraskuv memorial A"]
[Site "Rakovnik"]
[Date "2011.08.09"]
[Round "5"]
[White "Cap, Adam"]
[Black "Masek, Jan"]
[Result "0-1"]
[ECO "C77"]
[WhiteElo "1924"]
[BlackElo "1966"]
[PlyCount "90"]
[EventDate "2011.08.??"]
[EventType "swiss"]
[EventRounds "9"]
[EventCountry "CZE"]
[TimeControl "240+2"]

{1056MB, Fritz8.ctg} 1. e4 e5 2. Nf3 Nc6 3. Bb5 a6 4. Ba4 Nf6 5. Qe2 Bc5 6. c3
O-O 7. O-O b5 8. Bb3 d5 9. exd5 e4 10. Ng5 Bg4 11. Qe1 Na5 12. Bc2 Re8 13. b4
Qxd5 14. bxc5 Qxg5 15. d4 Qh5 16. Qd2 h6 17. Na3 Nd5 18. Re1 f5 19. c4 Nxc4 20.
Nxc4 bxc4 21. Ba4 Re6 22. Bd1 Bf3 23. Bxf3 exf3 24. Rxe6 Qg4 25. Rg6 Qxg6 26.
g3 Qg4 27. Qe1 Qxd4 28. Ba3 Nc3 29. Bb2 Ne2+ 30. Qxe2 fxe2 31. Bxd4 Rd8 32. Re1
Rxd4 33. Rxe2 Kf7 34. Kg2 c3 35. Rc2 Rd3 36. Re2 g5 37. h3 Kf6 38. c6 h5 39. a3
g4 40. hxg4 hxg4 41. a4 Rd6 42. Rc2 Rxc6 43. f4 Ke6 44. Kf2 Kd5 45. Ke3 Kc4 0-1